Map: Catalyst LE

Players

LiquidMaNa (MaNa) - Winner!

  • Race: Protoss Protoss
  • League: Grandmaster
  • Spawn Location: 5:00

Optimus

  • Race: Terran Terran
  • League: Master
  • Spawn Location: 11:00

Event: HomeStory Cup XVII

VOD

Have the link to the VOD?

Description

Time

  • Played on: June 28, 2018, 6:36 p.m.
  • Length: 4:53

All games in this series

Show
View Real Time Build Order
Export as new Build Order

LiquidMaNa Protoss - Winner!

Build Orders: Oracle Opening 

Get SALT Encoding   

  12  0:00  Probe  
  13  0:12  Probe  
  14  0:18  Pylon  
  14  0:24  Probe  
  15  0:32  Probe  
  15  0:40  Probe  
  15  0:41  Gateway  
  16  0:48  Assimilator  
  17  0:51  Probe  
  18  1:01  Probe  
  19  1:06  Pylon  
  19  1:09  Probe  
  19  1:17  Probe  
  21  1:28  Zealot  
  21  1:29  Cybernetics Core  
  23  1:52  Nexus  
  23  1:56  Stalker  
  23  1:58  Assimilator  
  25  2:09  Probe  
  25  2:11  Warp Gate  
  26  2:21  Probe  
  27  2:25  Stalker  
  29  2:31  Pylon  
  29  2:34  Probe  
  30  2:44  Stargate  
  30  2:47  Probe  
  31  2:58  Stalker  
  31  2:59  Probe  
  34  3:11  Probe  
  35  3:13  Probe  
  36  3:21  Oracle  
  36  3:23  Probe, Shield Battery  
  37  3:34  Probe  
  41  3:35  Probe  
  42  3:46  Probe  
  42  3:47  Probe  
  42  3:53  Gateway  
  42  3:56  Probe  
  42  3:57  Gateway  
  42  3:59  Oracle, Probe  
  47  4:04  Probe  
  47  4:09  Pylon  
  48  4:11  Probe  
  48  4:12  Probe  
  48  4:15  Stalker  
  52  4:19  Assimilator  
  52  4:24  Pylon  
  52  4:31  Probe x2  
  54  4:41  Stalker  
Show
View Real Time Build Order
Export as new Build Order

Optimus Terran 

Build Orders: Cyclone Opening 

Get SALT Encoding   

  12  0:00  SCV  
  13  0:13  SCV  
  14  0:17  Supply Depot  
  14  0:25  SCV  
  15  0:30  Refinery  
  15  0:38  SCV  
  16  0:44  Barracks  
  16  0:50  SCV  
  17  1:02  SCV  
  18  1:14  SCV  
  19  1:31  Orbital Command  
  19  1:32  Marine  
  20  1:52  Command Center  
  20  2:00  Factory, SCV  
  21  2:03  Barracks Reactor  
  21  2:12  Refinery  
  21  2:13  SCV  
  22  2:17  Supply Depot  
  22  2:25  SCV  
  23  2:39  SCV  
  24  2:46  Marine  
  24  2:49  Cyclone  
  24  2:50  Cyclone  
  31  2:54  Supply Depot  
  31  2:57  SCV  
  31  3:16  SCV  
  31  3:24  Hellion  
  31  3:25  Hellion  
  35  3:28  SCV  
  35  3:40  SCV  
  36  3:42  Orbital Command  
  36  3:50  Cyclone  
  36  3:51  Cyclone  
  36  3:52  SCV  
  43  4:03  Barracks Tech Lab  
  43  4:04  SCV  
  43  4:09  SCV  
  45  4:12  Supply Depot  
  45  4:16  SCV  
  52  4:27  SCV  
  50  4:32  SCV  
  50  4:39  SCV  
Tags
 
Add a new tag
Caveats
  • Supply blocks, unpowered buildings, or Contaminate may cause inaccurate times.
  • Supply counts are checked every 10 seconds.